 Dungeon Crawl Stone Soup version 0.18-b1-16-g289874d (webtiles) character file.

308 otab the Shield-Bearer (level 5, -6/45 HPs)
             Began as a Demigod Fighter on May 1, 2016.
             Mangled by Menkaure (12 damage)
             ... on level 4 of the Dungeon.
             The game lasted 00:04:05 (3112 turns).

otab the Shield-Bearer (Demigod Fighter)            Turns: 3112, Time: 00:04:06

Health: -6/45      AC: 13    Str: 19    XL:     5   Next: 94%
Magic:  7/7        EV:  2    Int: 12    God:
Gold:   170        SH: 14    Dex: 17    Spells: 0 memorised, 4 levels left

rFire  . . .     SeeInvis .     a - +0 long sword
rCold  . . .     Gourm    .     h - +0 plate armour
rNeg   . . .     Faith    .     j - +0 large shield
rPois  .         Spirit   .     t - +0 helmet (curse)
rElec  .         Dismiss  .     (no cloak)
rCorr  .         Reflect  .     (no gloves)
SustAt +         Harm     .     m - +0 pair of boots
MR     .....                    (no amulet)
Stlth  ..........               (no ring)
                                (no ring)

@: not resistant to hostile enchantments, extremely unstealthy
A: high mp 1, sustain attributes
a: no special abilities


You were on level 4 of the Dungeon.
You were hungry.

You visited 1 branch of the dungeon, and saw 4 of its levels.

You collected 170 gold pieces.

Inventory:

Hand Weapons
 a - a +0 long sword (weapon)
Armour
 h - a +0 plate armour (worn)
 j - a +0 large shield (worn)
 m - a +0 pair of boots (worn)
 t - a cursed +0 helmet (worn)
Scrolls
 e - 5 scrolls of identify {unknown}
 g - 2 scrolls of magic mapping {unknown}
 k - a scroll of fog {unknown}
 l - a scroll of remove curse {unknown}
 n - a scroll of teleportation {unknown}
 q - a scroll of blinking {unknown}
 r - a scroll of immolation {unknown}
Potions
 c - 2 potions of curing {unknown}
 d - a potion of might
 i - a potion of lignification {unknown}
 o - a potion of agility {unknown}
 p - a potion of cancellation {unknown}
 s - a potion of haste {unknown}
 v - a potion of heal wounds {unknown}
Comestibles
 b - a beef jerky
 f - 4 bread rations
 u - 2 meat rations


   Skills:
 + Level 3.5 Fighting
 * Level 3.4 Long Blades
 + Level 3.5 Armour
 + Level 0.8 Dodging
 + Level 4.2 Shields


You had 4 spell levels left.
You didn't know any spells.

Dungeon Overview and Level Annotations

Branches:
Dungeon (4/15)
 Temple: D:4-7

Annotations:
D:4 Menkaure


Innate Abilities, Weirdness & Mutations

You have an increased reservoir of magic (+10% MP).
Your attributes are resistant to harm.


Message History

Menkaure is moderately damaged.
Menkaure hits you!
Your shield and plate armour prevent you from hitting Menkaure.
Menkaure is moderately damaged.
Menkaure's ankle releases a plume of dust as he confides, "I'm not really a mummy, you know."
Menkaure hits you!
Your plate armour prevents you from hitting Menkaure.
Menkaure is moderately damaged.
Menkaure hits you but does no damage.
You hit Menkaure but do no damage.
Menkaure is moderately damaged.
You block Menkaure's attack.
You closely miss Menkaure.
Menkaure is moderately damaged.
Menkaure hits you!
* * * LOW HITPOINT WARNING * * *
You hit Menkaure.
Menkaure is heavily damaged.
Menkaure hits you!
You die...

.# .. #. .#
## #. .####..
#. .......
#.##.......
###
#..M.......
#.# #..@..#
#.# #.....#
#.# #.....#
#.# #.....#
#.# #.....#
#.#
#######.....#
#.#
........##.##
#.#
##########.#
##.# #.#


You could see Menkaure.

Vanquished Creatures
  The ghost of ArisHovad the Firebug, a weakling NaFE (D:3)
  A jelly (D:3)
  2 orc priests (D:4)
  Robin (D:3)
  8 adders
  A worm (D:2)
  A dart slug (D:2)
  3 giant geckos
  10 orcs
  A ball python (D:3)
  12 bats
  A giant cockroach (D:2)
  6 goblins
  10 hobgoblins
  4 jackals
  A quokka (D:3)
  3 giant newts
  9 kobolds
  7 rats
82 creatures vanquished.

Notes
Turn   | Place    | Note
--------------------------------------------------------------
     0 | D:1      | otab the Demigod Fighter began the quest for the Orb.
     0 | D:1      | Reached XP level 1. HP: 18/18 MP: 3/3
   296 | D:1      | Reached XP level 2. HP: 25/25 MP: 4/4
   719 | D:2      | Reached skill level 3 in Shields
   743 | D:2      | Reached XP level 3. HP: 31/31 MP: 5/5
  1342 | D:2      | Reached XP level 4. HP: 38/38 MP: 6/6
  1684 | D:3      | Noticed ArisHovad's ghost (weakling NaFE)
  1693 | D:3      | Killed ArisHovad's ghost
  2067 | D:3      | Reached XP level 5. HP: 31/45 MP: 7/7
  2312 | D:3      | Noticed Robin
  2332 | D:3      | Killed Robin
  2332 | D:3      | Reached skill level 4 in Shields
  2375 | D:3      | Found a bloodstained altar of Trog.
  3101 | D:4      | Noticed Menkaure
  3112 | D:4      | Mangled by Menkaure

Skill      XL: |  1  2  3  4  5 |
---------------+----------------+-----
Long Blades    | 2 3 |  3.4
Fighting       | 3 |  3.5
Shields        | 3 4 |  4.2
Armour         | 3 |  3.5
Dodging        | |  0.8

Action                   |  1- 3 |  4- 6 || total
-------------------------+-------+-------++-------
Melee: Long sword        |   113 |   195 ||   308
  Eat: Chunk             |     2 |     5 ||     7
Armor: Plate armour      |    61 |   115 ||   176
       Scale mail        |     2 |       ||     2
Dodge: Dodged            |    10 |     6 ||    16
Block: Shield            |    12 |       ||    12
       Large shield      |    80 |   171 ||   251
